AoeStats
← 唯今之计

Black Forest

508889996Analyzed
4v4 RM · 6d ago on Sep 24, 2026· 48m 20s· 8 players
Game mode
Random Map
Map size
Large (8 player)
Population
200
Speed
Normal
Resources
Standard
Victory
Conquest
Starting age
Dark Age
Ending age
Imperial Age
RankedLock teamsTeams togetherTeam positionsShared explorationLock speedFull tech treeHidden civsTurbo modeCheats
Victory
Defeat
🇨🇳 Malians · China
1235
+13
🇩🇪 Portuguese · Germany
1227
+13
🇨🇳 Vikings · China
1192
+15
🇮🇳 Spanish · India
1138
+17
🇨🇳 Danes · China
1265
-18
🇨🇳 Khitans · China
1207
-16
🇨🇳 Vietnamese · China
1205
-16
🇨🇳 Franks · China
977
-8
唯今之计
12:16 Feudal Age
16:02 Castle Age
14:24 Double-Bit Axe
14:20 Horse Collar
17:12 Bow Saw
17:27 Heavy Plow
21:33 Loom
24:25 Gold Mining
24:30 Stone Mining
24:52 Town Watch
26:13 Gold Shaft Mining
27:07 Coinage
30:01 Imperial Age
28:48 Man-at-Arms
29:29 Squires
29:15 Arson
30:17 Forging
30:07 Scale Mail Armor
29:29 Long Swordsman
30:41 Ballistics
30:08 Two-Handed Swordsman
31:25 Iron Casting
32:01 Two-Man Saw
31:32 Crop Rotation
31:48 Chain Mail Armor
30:59 Champion
33:30 Banking
34:06 Plate Mail Armor
34:53 Blast Furnace
37:29 Chieftains
37:50 Conscription
37:25 Fletching
37:36 Padded Archer Armor
38:37 Chemistry
37:19 Treadmill Crane
37:35 Murder Holes
37:50 Fortified Wall
37:31 Guard Tower
37:26 Arrowslits
38:16 Capped Ram
38:54 Bodkin Arrow
39:12 Masonry
39:58 Siege Ram
42:21 Bracer
42:54 Architecture
42:14 Heated Shot
ugurito
1:36 Loom
12:06 Feudal Age
16:17 Castle Age
14:49 Double-Bit Axe
14:54 Fishing Lines
17:18 Bow Saw
17:06 Gillnets
26:37 Wheelbarrow
28:25 Hand Cart
28:26 Town Watch
31:48 Imperial Age
30:00 Caravan
30:33 Fletching
30:44 Padded Archer Armor
31:03 Bodkin Arrow
31:33 Ballistics
31:09 Pikeman
32:11 Leather Archer Armor
31:58 Scale Mail Armor
33:29 Chemistry
32:35 Bracer
32:00 Halberdier
33:02 Horse Collar
34:31 Two-Man Saw
33:49 Arquebus
34:16 Conscription
35:38 Bombard Tower
36:04 Heavy Plow
36:39 Ring Archer Armor
36:25 Chain Mail Armor
36:20 Forging
37:56 Coinage
37:37 Guilds
40:53 Plate Mail Armor
40:59 Iron Casting
41:01 Banking
41:35 Gold Mining
41:35 Stone Mining
LESLIE
9:56 Feudal Age
13:43 Castle Age
12:24 Double-Bit Axe
12:22 Horse Collar
23:47 Squires
26:00 Loom
28:50 Imperial Age
28:12 Wheelbarrow
27:46 Heavy Plow
28:01 Bow Saw
29:42 Scale Barding Armor
30:53 Chain Barding Armor
30:44 Forging
31:07 Conscription
32:08 Crop Rotation
32:46 Tigui
32:56 Town Watch
33:45 Husbandry
35:03 Hand Cart
36:00 Plate Barding Armor
36:01 Iron Casting
36:24 Bloodlines
35:35 Light Cavalry
37:01 Farimba
37:17 Fletching
37:22 Gold Mining
37:25 Stone Mining
39:24 Heavy Camel Rider
47:15 Spies/Treason
MAND_Dã quỳ
10:56 Feudal Age
13:33 Double-Bit Axe
14:28 Horse Collar
17:33 Castle Age
15:26 Stone Mining
15:52 Gold Mining
23:21 Imperial Age
25:32 Padded Archer Armor
26:34 Leather Archer Armor
26:47 Bow Saw
28:20 Chemistry
30:25 Ring Archer Armor
32:37 Conscription
33:16 Ballistics
32:59 Elite Conquistador
38:15 Two-Man Saw
37:26 Masonry
37:14 Murder Holes
37:20 Heavy Plow
37:57 Stone Shaft Mining
39:12 Architecture
子薄
7:01 Loom
11:48 Feudal Age
15:52 Castle Age
15:11 Double-Bit Axe
24:35 Scale Barding Armor
26:03 Forging
25:45 Fletching
32:05 Gold Mining
32:06 Stone Mining
34:36 Gold Shaft Mining
34:41 Wheelbarrow
34:27 Husbandry
34:49 Chain Barding Armor
34:39 Forging
38:35 Imperial Age
36:25 Hand Cart
38:48 Cavalier
40:20 Plate Barding Armor
40:21 Iron Casting
40:34 Paladin
42:14 Conscription
43:16 Blast Furnace
渡鸦family
6:51 Loom
9:36 Feudal Age
14:57 Castle Age
13:31 Double-Bit Axe
13:28 Horse Collar
15:30 Town Watch
25:03 Wheelbarrow
30:10 Imperial Age
28:56 Scale Mail Armor
29:07 Forging
29:11 Gambesons
29:26 Squires
29:12 Arson
30:43 Onager
31:44 Bow Saw
32:47 Chain Mail Armor
33:08 Iron Casting
33:41 Chemistry
33:51 Conscription
34:05 Northmen's Fury
34:42 Siege Onager
38:47 Elite Varangian Guard
39:54 Hamask
42:25 Plate Mail Armor
45:00 Blast Furnace
ACcloud14
8:00 Loom
12:33 Feudal Age
13:32 Double-Bit Axe
17:04 Fishing Lines
19:52 Castle Age
18:46 Fletching
19:16 Gold Mining
22:07 Gillnets
22:34 Bow Saw
23:04 Padded Archer Armor
24:11 Bodkin Arrow
25:14 Ballistics
25:12 Leather Archer Armor
26:07 Domestication
27:53 Wheelbarrow
27:27 Husbandry
28:29 Thumb Ring
29:02 Pastoralism
28:55 Heavy Cavalry Archer
35:40 Imperial Age
35:53 Imperial Age
37:44 Chemistry
37:29 Parthian Tactics
37:39 Bracer
零贰cc
0:37 Loom
12:29 Feudal Age
17:37 Castle Age
15:48 Double-Bit Axe
36:30 Wheelbarrow
37:30 Elite Skirmisher
39:01 Padded Archer Armor
41:15 Fletching
42:01 Pikeman
43:05 Horse Collar
44:56 Scale Mail Armor
45:07 Forging
Connection lost

Rejoining the realm…

Still unreachable

The connection could not be restored.

Session expired

The server has moved on; the page needs a fresh start.